 Dungeon Crawl Stone Soup version 0.26-a0-611-g354ed81502 (webtiles) character file.

Game seed: 7525098700966879471

324 ANON1729 the Ducker (level 6, -1/38 HPs)
             Began as a Kobold Gladiator on Sept 6, 2020.
             Slain by an orc
             ... wielding a +0 trident
              (3 damage)
             ... on level 3 of the Dungeon.
             The game lasted 00:03:51 (3056 turns).

ANON1729 the Ducker (Kobold Gladiator)              Turns: 3056, Time: 00:03:52

Health: -1/38      AC:  5    Str: 13    XL:     6   Next: 78%
Magic:  6/6        EV: 18    Int:  9    God:
Gold:   107        SH:  0    Dex: 17    Spells: 5/5 levels left

rFire    + . .     SeeInvis .   a - +0 quarterstaff
rCold    . . .     Faith    .   (shield currently unavailable)
rNeg     . . .     Spirit   .   l - +2 robe {rF+}
rPois    .         Reflect  .   c - +0 helmet
rElec    .         Harm     .   (no cloak)
rCorr    .                      (no gloves)
MR       .....                  (no boots)
Stlth    ++........             (no amulet)
HPRegen  0.12/turn              (no ring)
MPRegen  0.10/turn              (no ring)

@: flying
A: small, nightstalker 3
a: no special abilities


You were on level 3 of the Dungeon.
You visited 1 branch of the dungeon, and saw 3 of its levels.

You collected 107 gold pieces.

Inventory:

Hand Weapons
 a - a +0 quarterstaff (weapon)
Missiles
 d - 3 throwing nets (quivered)
Armour
 b - a +0 leather armour
 c - a +0 helmet (worn)
 l - a +2 robe of fire resistance (worn)
Jewellery
 h - an uncursed ring of positive energy {unknown}
 m - a cursed ring of attention {unknown}
Scrolls
 f - 4 scrolls of teleportation {unknown}
 i - 2 scrolls of remove curse {unknown}
 k - 4 scrolls of identify {unknown}
 n - a scroll of enchant armour {unknown}
Potions
 e - a potion of flight
 g - a potion of cancellation
 j - a potion of lignification {unknown}


   Skills:
 + Level 4.0 Fighting
 + Level 3.9 Staves
 + Level 4.0 Throwing
 + Level 5.3 Dodging


You had 5 spell levels left.
You didn't know any spells.
Your spell library was empty.

Dungeon Overview and Level Annotations

Branches:
Dungeon (3/15)

Altars:


Innate Abilities, Weirdness & Mutations

You are small and have problems with some larger weapons.
You are completely attuned to the shadows.


Message History

You are too injured to fight recklessly!
You are too injured to fight recklessly!
You are too injured to fight recklessly!
You are too injured to fight recklessly!
You are too injured to fight recklessly!
You hit the orc priest but do no damage.
The orc priest is moderately wounded.
The orc priest calls down the wrath of Beogh upon you.
Pain shoots through your body! The orc barely misses you.
The orc hits you from afar with a +0 trident.
* * * LOW HITPOINT WARNING * * *
The orc priest hits you with a +0 hand axe.
* * * LOW HITPOINT WARNING * * *
It was a potion of flight.
You feel very buoyant.
You fly up into the air.
The orc wizard casts a spell.
The orc wizard blinks!
The orc closely misses you.
The orc hits you from afar with a +0 trident.
You die...

#........#..#.# #......#
#.# #.....####..#.#
#......# #.#
#.............###......#
#..
#.....####........)....#
##. #.....#
#...####......####.
#.....# #...#
#........... #######
#...# #........... #...#
#######..... ##@##
###### #####o###
...)o§o.# ........#
........# ........#
........# .!.....#


You could see an orc priest and 2 orcs.

Vanquished Creatures
  Sigmund (D:3)
  An orc wizard (D:3)
  Jessica (D:2)
  6 adders
  A worm (D:2)
  A dart slug (D:1)
  2 leopard geckos
  3 orcs (D:3)
  3 giant cockroaches
  5 goblins
  6 hobgoblins
  3 jackals (D:2)
  7 kobolds
  A quokka (D:3)
  A ball python (D:3)
  7 bats
  3 frilled lizards
  2 rats
54 creatures vanquished.

Notes
Turn   | Place    | Note
-------+----------+-------------------------------------------
     0 | D:1      | ANON1729 the Kobold Gladiator began the quest for the Orb.
     0 | D:1      | Reached XP level 1. HP: 12/12 MP: 1/1
   172 | D:1      | Reached XP level 2. HP: 13/18 MP: 2/2
   585 | D:1      | Reached XP level 3. HP: 17/22 MP: 3/3
   649 | D:1      | Reached skill level 4 in Dodging
   871 | D:2      | Noticed Jessica
   874 | D:2      | Killed Jessica
   874 | D:2      | Reached XP level 4. HP: 25/27 MP: 4/4
  1572 | D:2      | Reached XP level 5. HP: 12/32 MP: 5/5
  2459 | D:3      | Noticed Sigmund
  2522 | D:3      | Killed Sigmund
  2522 | D:3      | Reached skill level 5 in Dodging
  2522 | D:3      | Reached XP level 6. HP: 19/38 MP: 6/6
  3056 | D:3      | Slain by an orc

Illustrated notes

Levels and vault maps discovered:
D:1:      eino_arrival_water_star, layout_loops_ring
D:2:      layout_loops_corners, uniq_jessica
D:3:      layout_basic, uniq_sigmund, uniq_robin

Skill      XL: |  1  2  3  4  5  6 |
---------------+-------------------+-----
Staves         | 3 |  3.9
Dodging        | 4 5 |  5.3
Fighting       | 3 4 |  4.0
Throwing       | 3 4 |  4.0

Action                   |  1- 3 |  4- 6 || total
-------------------------+-------+-------++-------
Melee: Quarterstaff      |    58 |   147 ||   205
Throw: Throwing net      |       |     4 ||     4
  Use: Potion            |       |     5 ||     5
 Stab: Sleeping          |     5 |     9 ||    14
Armor: Leather armour    |    12 |     1 ||    13
       Robe              |       |    28 ||    28
Dodge: Dodged            |    47 |   166 ||   213

Table legend: (Time is in decaauts)
 A = Elapsed time spent in this place.
 B = Non-inter-level travel time spent in this place.
 C = Inter-level travel time spent in this place.
 D = Time resting spent in this place.
 E = Time spent auto-exploring this place.
 F = Levels seen in this place.
 G = Mean time per level.
                   A        B        C        D        E       F      G
               +--------+--------+--------+--------+--------+-----+--------+
         Total |   3085 |   2972 |    113 |    769 |   1733 |   3 | 1028.3 |
       Dungeon |   3085 |   2972 |    113 |    769 |   1733 |   3 | 1028.3 |
               +--------+--------+--------+--------+--------+-----+--------+

Top non-repeatable levels by time:
     D:2: 1610 daAuts
     D:1: 862 daAuts
     D:3: 612 daAuts
